 Dungeon Crawl Stone Soup version 0.25.1-9-gc5326a611f (webtiles) character file.

Game seed: 12214740142561447110

15066 tkbsonic5 the Demolition Halfling (level 12, -13/123 HPs)
             Began as a Halfling Fighter on Nov 7, 2021.
             Was an Elder of Makhleb.
             Mangled by a red ugly thing (17 damage)
             ... on level 12 of the Dungeon on Nov 8, 2021.
             The game lasted 01:17:06 (13721 turns).

tkbsonic5 the Demolition Halfling (HaFi)           Turns: 13721, Time: 01:17:08

Health: -13/123    AC: 18    Str: 21    XL:     12   Next: 53%
Magic:  19/19      EV: 16    Int:  6    God:    Makhleb [****..]
Gold:   552        SH:  0    Dex: 15    Spells: 11/11 levels left

rFire    . . .     SeeInvis +   l - +9 sword of Zonguldrok {reap, Prana}
rCold    . . .     Gourm    .   (shield currently unavailable)
rNeg     . . .     Faith    .   m - +2 plate armour
rPois    .         Spirit   .   z - +2 helmet {"Eiphita OnyxHart"}
rElec    .         Reflect  .   (no cloak)
rCorr    .         Harm     .   (no gloves)
MR       .....                  (no boots)
Stlth    ..........             q - amulet of regeneration
HPRegen  0.70/turn              s - ring of see invisible
MPRegen  0.16/turn              E - +4 ring of evasion

@: berserking, very quick
A: small, mutation resistance 1
a: Minor Destruction, Lesser Servant of Makhleb, Major Destruction, Renounce
Religion


You were on level 12 of the Dungeon.
You worshipped Makhleb.
Makhleb was greatly pleased with you.
You were not hungry.

You visited 2 branches of the dungeon, and saw 14 of its levels.
You also visited: Bailey.

You collected 710 gold pieces.
You spent 158 gold pieces at shops.

Inventory:

Hand Weapons
 l - the +9 sword of Zonguldrok (weapon) {reap, Prana}
   (You took it off an orc wizard on level 7 of the Dungeon)

   If a monster killed with it leaves a corpse in good enough shape, the corpse
   will be animated as a zombie friendly to the killer.
Missiles
 x - 19 poisoned darts
 y - 4 boomerangs (quivered)
Armour
 m - a +2 plate armour (worn)
 z - a +2 helmet (worn) {"Eiphita OnyxHart"}
Magical Staves
 b - an uncursed staff of air {unknown}
Jewellery
 q - an amulet of regeneration (around neck)
 r - a +6 ring of dexterity
 s - a ring of see invisible (left hand)
 C - an uncursed ring of flight
 E - a +4 ring of evasion (right hand)
Wands
 n - a wand of acid (11)
 v - a wand of random effects (15)
 w - a wand of polymorph (8)
Scrolls
 a - 2 scrolls of silence
 c - a scroll of noise {unknown}
 d - 7 scrolls of teleportation
 e - a scroll of identify
 g - 2 scrolls of magic mapping
 i - a scroll of fog
 p - 8 scrolls of remove curse
 t - 2 scrolls of enchant armour
 u - a scroll of blinking
Potions
 h - a potion of berserk rage
 j - 6 potions of curing
 k - 2 potions of haste
 o - a potion of might
 A - 2 potions of stabbing
Comestibles
 f - 18 rations


   Skills:
 + Level 8.0 Fighting
   Level 4.0(7.4) Short Blades
 * Level 8.2(8.5) Long Blades
   Level 5.0 Maces & Flails
   Level 5.0(5.7) Slings
 - Level 2.6(3.5) Throwing
 + Level 7.8 Armour
 * Level 7.2 Dodging
   Level 5.5 Shields
 * Level 10.0 Invocations
 + Level 0.3 Evocations


You had 11 spell levels left.
You didn't know any spells.
Your spell library contained the following spells:

 Spells                   Type           Power        Failure   Level  Hunger
 Magic Dart               Conj           #...         100%        1    ##.....
 Blink                    Tloc           N/A          100%        2    ###....
 Call Imp                 Summ           #.......     100%        2    ###....
 Slow                     Hex            #.......     100%        2    ###....
 Conjure Flame            Conj/Fire      #.......     100%        3    ####...
 Ignite Poison            Fire/Tmut/Pois #.......     100%        3    ####...
 Mephitic Cloud           Conj/Pois/Air  #.......     100%        3    ####...
 Fireball                 Conj/Fire      #.........   100%        5    ######.
 Starburst                Conj/Fire      #.........   100%        6    #######
 Ring of Flames           Chrm/Fire      #.........   100%        7    #######
 Ignition                 Fire           #.........   100%        8    #######


Dungeon Overview and Level Annotations

Branches:
Dungeon (13/15)            Temple (1/1) D:4            Lair (0/6) D:10
    Orc (0/2) D:9          Bailey (visited)
 Vaults: D:13-14

Altars:
Ashenzari
Cheibriados
Dithmenos
Elyvilon
Fedhas
Gozag
Hepliaklqana
Kikubaaqudgha
Makhleb
Nemelex Xobeh
Okawaru
Qazlal
Ru
Sif Muna
Trog
Uskayaw
Vehumet
Wu Jian
Xom
Yredelemnul
Zin
The Shining One

Shops:
D:6 *

Annotations:
D:4 2 transporters


Innate Abilities, Weirdness & Mutations

You are small and have problems with some larger weapons.
You are somewhat resistant to further mutation.


Message History

The gargoyle closely misses you.
You riposte.
You slash the gargoyle!
The gargoyle is almost destroyed.
Your ufetubus barely misses the gargoyle.
Your ufetubus completely misses the gargoyle. x2
Your ufetubus hits the gargoyle but does no damage.
The red ugly thing gores you but does no damage.
Your ynoxinul gestures.
Your plate armour prevents you from hitting the red ugly thing.
The red ugly thing is heavily wounded.
Your ufetubus barely misses the gargoyle.
Your ufetubus hits the gargoyle.
The gargoyle hurls a stone arrow at you.
The stone arrow misses you.
You slice the gargoyle!!
You destroy the gargoyle!
Makhleb accepts your kill. The red ugly thing gores you!
* * * LOW HITPOINT WARNING * * *
You are engulfed in flames!
You die...

.. .. ..
.. .$
#####
####+#####
....#
......u@.#
....#
.....355.#
....#
.....5.5.#
....#
......5..#
....+
..^......#
....#
.........#
....#
.........#
#####
##########


You could see a red ugly thing, a friendly ynoxinul (summoned) and 5 friendly
ufetubi.

Vanquished Creatures
  Erica (D:11)
  A two-headed ogre (D:9)
  A centaur warrior (D:9)
  Pikel (D:8)
  An unseen horror (D:10)
  2 ugly things
  2 manticores (D:11)
  A gargoyle (D:12)
  Grinder (D:3)
  3 hippogriffs
  Sigmund (D:5)
  A spriggan (D:8)
  2 wyverns
  4 yaks (D:8)
  A porcupine (D:10)
  Duvessa (D:5)
  An eye of draining (D:9)
  5 ice beasts
  A black bear (D:6)
  A phantom (D:10)
  11 orc warriors
  2 sky beasts
  2 necrophages
  6 centaurs
  6 ogres
  2 crocodiles
  2 big kobolds
  7 bullfrogs
  Blork the orc (D:4)
  A water moccasin zombie (D:8)
  5 scorpions
  Dowan (D:5)
  4 killer bees (D:9)
  An electric eel (D:9)
  11 wights
  A howler monkey (D:7)
  6 crimson imps
  5 hounds
  3 centaur zombies
  3 bullfrog skeletons
  4 jellies
  12 orc wizards
  4 orc priests
  4 centaur skeletons
  Jessica (D:2)
  11 worker ants
  An iguana (D:4)
  A hound zombie (D:10)
  2 hound skeletons
  Robin (D:3)
  3 gnolls (Bailey)
  9 adders
  2 shadow imps (D:10)
  2 adder skeletons (D:6)
  2 adder zombies (D:6)
  3 worms
  7 leopard geckos
  41 orcs
  5 bats
  2 giant cockroaches
  24 goblins
  19 hobgoblins
  18 jackals
  5 quokkas
  A ball python (D:2)
  5 frilled lizards
  16 kobolds
  A quokka skeleton (D:4)
  8 rats
326 creatures vanquished.

Vanquished Creatures (collateral kills)
  A fire crab (D:9)
  An ugly thing (D:12)
  A yaktaur (D:12)
  A troll (D:11)
  A big kobold (D:10)
  A bullfrog zombie (D:12)
  An orc priest (D:10)
  An orc (D:10)
  4 goblins
  4 kobolds
  2 fungi (D:10)
18 creatures vanquished.

Vanquished Creatures (others)
  A slave (D:8)
  An orc (D:8)
  A fungus (D:10)
3 creatures vanquished.

Grand Total: 347 creatures vanquished

Notes
Turn   | Place    | Note
-------+----------+-------------------------------------------
     0 | D:1      | tkbsonic5 the Halfling Fighter began the quest for the Orb.
     0 | D:1      | Reached XP level 1. HP: 15/15 MP: 1/1
    37 | D:1      | Reached XP level 2. HP: 8/20 MP: 2/2
   883 | D:1      | Reached XP level 3. HP: 26/26 MP: 3/3
  1087 | D:2      | Found a sacrificial altar of Ru.
  1548 | D:2      | Noticed Jessica
  1554 | D:2      | Killed Jessica
  1554 | D:2      | Reached XP level 4. HP: 31/31 MP: 4/4
  1973 | D:3      | Reached skill level 1 in Maces & Flails
  2110 | D:3      | Noticed Robin
  2190 | D:3      | Killed Robin
  2190 | D:3      | Reached XP level 5. HP: 36/36 MP: 5/5
  2282 | D:3      | Found a white marble altar of Elyvilon.
  2451 | D:3      | Reached skill level 1 in Throwing
  2499 | D:3      | Became a worshipper of Elyvilon the Healer
  2637 | D:3      | Noticed Grinder
  2642 | D:3      | Paralysed by Grinder for 2 turns
  2675 | D:3      | Killed Grinder
  2675 | D:3      | Reached XP level 6. HP: 19/43 MP: 6/6
  2972 | D:3      | Reached XP level 7. HP: 45/48 MP: 7/7
  3238 | D:4      | Noticed Blork the orc
  3251 | D:4      | Killed Blork the orc
  3251 | D:4      | Reached skill level 5 in Armour
  3384 | D:4      | Found a transporter.
  3388 | D:4      | Found a transporter.
  3629 | D:4      | Reached * piety under Elyvilon
  3738 | D:4      | Found a staircase to the Ecumenical Temple.
  3932 | D:4      | Reached skill level 1 in Invocations
  3932 | D:4      | Reached XP level 8. HP: 36/54 MP: 8/8
  5129 | D:5      | Entered Level 5 of the Dungeon
  5178 | D:5      | Noticed Dowan
  5180 | D:5      | Noticed Duvessa
  5269 | D:5      | Got a shimmering leather armour
  5281 | D:5      | Identified the +2 leather armour "Duimp" {Regen+} (You
                  | found it on level 5 of the Dungeon)
  5373 | D:5      | Reached skill level 1 in Dodging
  5575 | D:5      | Reached skill level 5 in Fighting
  5575 | D:5      | Reached skill level 1 in Slings
  5575 | D:5      | Reached skill level 2 in Invocations
  6261 | D:5      | Reached ** piety under Elyvilon
  6296 | D:5      | Reached skill level 5 in Shields
  6354 | D:5      | Reached XP level 9. HP: 60/61 MP: 9/11
  6419 | D:5      | Killed Dowan
  6644 | D:5      | Killed Duvessa
  6644 | D:5      | Reached skill level 3 in Invocations
  6693 | D:5      | Noticed Sigmund
  6701 | D:5      | Killed Sigmund
  7522 | D:6      | Found Urymawimn's Assorted Antiques.
  7526 | D:6      | Bought a blackened copper wand for 92 gold pieces
  7526 | D:6      | Bought a scroll labeled UGOVVARUFO for 23 gold pieces
  7526 | D:6      | Bought a coppery potion for 20 gold pieces
  7526 | D:6      | Bought a scroll labeled MOEPIPN RUIZOO for 23 gold pieces
  7976 | D:7      | Reached skill level 4 in Invocations
  8202 | D:7      | Reached skill level 5 in Maces & Flails
  8202 | D:7      | Reached skill level 5 in Slings
  8212 | D:7      | Fell from the grace of Elyvilon
  8391 | Temple   | Entered the Ecumenical Temple
  8528 | Temple   | Became a worshipper of Makhleb the Destroyer
  8710 | D:7      | Reached XP level 10. HP: 64/68 MP: 11/13
  8846 | D:7      | Reached skill level 1 in Long Blades
  9103 | D:7      | Found a shimmering blue altar of Sif Muna.
  9252 | D:8      | Found a blossoming altar of Fedhas.
  9281 | D:8      | Reached skill level 5 in Invocations
  9528 | D:8      | Reached skill level 6 in Invocations
  9595 | D:8      | Found a flagged portal.
  9611 | Bailey   | Entered a bailey
  9630 | Bailey   | Reached * piety under Makhleb
 10288 | D:8      | Reached skill level 7 in Invocations
 10289 | D:8      | Reached ** piety under Makhleb
 10330 | D:8      | Noticed Pikel
 10350 | D:8      | Killed Pikel
 10350 | D:8      | Reached skill level 5 in Long Blades
 10452 | D:8      | Was forgiven by Elyvilon
 10663 | D:8      | Found an iron altar of Okawaru.
 10663 | D:8      | Found a basalt altar of Yredelemnul.
 10664 | D:8      | Found a shimmering altar of Xom.
 10668 | D:8      | Reached XP level 11. HP: 75/75 MP: 16/16
 10858 | D:9      | Found a large runed translucent door.
 10858 | D:9      | Noticed a purple ugly thing
 10870 | D:9      | Killed a purple ugly thing
 10870 | D:9      | Reached skill level 8 in Invocations
 10871 | D:9      | Found a large runed translucent door.
 11266 | D:9      | Found a staircase to the Orcish Mines.
 11354 | D:9      | Noticed a two-headed ogre
 11857 | D:9      | Killed a two-headed ogre
 11931 | D:9      | Found a hide-covered altar of Uskayaw.
 11931 | D:9      | Noticed a centaur warrior
 11939 | D:9      | Killed a centaur warrior
 11939 | D:9      | Reached skill level 5 in Dodging
 11944 | D:9      | Found a hide-covered altar of Uskayaw.
 11944 | D:9      | Noticed a fire crab
 11950 | D:9      | Killed a fire crab
 11950 | D:9      | Reached *** piety under Makhleb
 12040 | D:10     | Entered Level 10 of the Dungeon
 12079 | D:10     | Noticed an unseen horror
 12083 | D:10     | Killed an unseen horror
 12083 | D:10     | Reached skill level 9 in Invocations
 12140 | D:10     | Found a staircase to the Lair.
 12441 | D:10     | Reached XP level 12. HP: 82/82 MP: 18/18
 12672 | D:11     | Noticed Erica
 12678 | D:11     | Killed Erica
 12791 | D:11     | Reached **** piety under Makhleb
 12847 | D:11     | Found a shadowy altar of Dithmenos.
 13660 | D:12     | Reached skill level 10 in Invocations
 13708 | D:12     | You fall into a shaft and drop 1 floor!
 13708 | D:13     | Noticed a tengu warrior
 13721 | D:12     | HP: 4/123 [red ugly thing (8)]
 13721 | D:12     | Mangled by a red ugly thing

Illustrated notes

Levels and vault maps discovered:
D:1:      nzn_arrival_depleted_hourglass, layout_basic
D:2:      layout_loops_corners, old_standard_altar, uniq_jessica
D:3:      layout_loops_ring, elyvilon_altar_5, uniq_robin, uniq_grinder
D:4:      gammafunk_wand_slinger, layout_basic, minmay_temple_entry_butterflies,
          st_stairs_11, minmay_fractal_squares_diagonal_5, uniq_blork_the_orc
D:5:      layout_basic, first_ration, uniq_duvessa, uniq_sigmund
D:6:      layout_basic, serial_shops, shop, grunt_ministairs_11,
          minmay_misc_feat_more_columns
D:7:      layout_rooms, tgw_sif
D:8:      layout_cave_pools, lemuel_crystal_altar,
          gammafunk_temple_overflow_claw, enter_bailey_3, the_bakery,
          hangedman_abyss_or_decor_lesser_grid, uniq_pikel
D:9:      layout_loops_corners, orc_0_dummy, minivault_14, jmf_multi_god_temple2
D:10:     layout_roguey, grunt_lair_entry_orc_guard_hut
D:11:     layout_long_grid, nicolae_dithmenos_shadow_blocks, uniq_erica
D:12:     layout_roguey, gammafunk_ghost_split
D:13:     layout_roguey, grunt_vaults_entry_tiered, minivault_12, uniq_nessos
Temple:   regret_index_temple_waves

Skill      XL: |  1  2  3  4  5  6  7  8  9 10 11 12 |
---------------+-------------------------------------+-----
Fighting       | 3 4 5 6 7 8 |  8.0
Short Blades   | 3 4 |  4.0
Maces & Flails | 1 2 3 4 5 |  5.0
Armour         | 4 5 6 7 |  7.8
Throwing       | 1 2 |  2.6
Shields        | 4 5 |  5.5
Invocations    | 1 2 4 7 9 10 | 10.0
Dodging        | 1 2 3 6 7 |  7.2
Slings         | 2 5 |  5.0
Long Blades    | 5 7 8 |  8.2
Evocations     | |  0.3

Action                   |  1- 3 |  4- 6 |  7- 9 | 10-12 || total
-------------------------+-------+-------+-------+-------++-------
Melee: Rapier            |    27 |       |    17 |       ||    44
       Dagger            |    85 |   147 |   255 |       ||   487
       Mace              |    15 |       |       |       ||    15
       Flail             |       |    84 |   231 |       ||   315
       Short sword       |       |    27 |   234 |       ||   261
       Double sword      |       |       |    12 |   451 ||   463
 Fire: Hunting sling     |       |       |     4 |       ||     4
Throw: Stone             |    28 |    24 |       |       ||    52
       Boomerang         |       |       |    29 |     8 ||    37
       Dart              |       |       |     6 |     5 ||    11
Invok: Lesser Healing    |       |       |     5 |       ||     5
       Divine Protection |       |       |     1 |       ||     1
       Renounce Religion |       |       |     1 |       ||     1
       Minor Destruction |       |       |       |    14 ||    14
       Lesser Servant of |       |       |       |     3 ||     3
Evoke: Wand              |       |       |     1 |     1 ||     2
  Use: Potion            |     2 |     3 |     5 |     6 ||    16
       Scroll            |     1 |     2 |    13 |     8 ||    24
 Stab: Distracted        |       |       |       |     4 ||     4
  Eat: Chunk             |     1 |     6 |     9 |     1 ||    17
       Ration            |       |       |     5 |     4 ||     9
Armor: Scale mail        |    22 |       |       |       ||    22
       Plate armour      |    25 |   123 |   421 |   302 ||   871
Dodge: Dodged            |    39 |    47 |   167 |   328 ||   581
Block: Kite shield       |    67 |   123 |   317 |       ||   507
       Rpst.: Double sword |       |       |     3 |    95 ||    98
